 Dungeon Crawl Stone Soup version 0.25-a0-488-g03579ab4a3 (webtiles) character file.

Game seed: 14523197241668322600, levelgen mode: deterministic

75890 Lugonue the Severer (level 15, 0/141 HPs)
             Began as a Hill Orc Fighter on Feb 10, 2020.
             Was a High Priest of Okawaru.
             Slain by a dire elephant (36 damage)
             ... on level 6 of the Lair of Beasts.
             The game lasted 00:56:54 (20910 turns).

Lugonue the Severer (Hill Orc Fighter)             Turns: 20910, Time: 00:56:55

Health: 0/141      AC: 21    Str: 21    XL:     15   Next: 51%
Magic:  11/16      EV: 19    Int: 12    God:    Okawaru [*****.]
Gold:   769        SH:  0    Dex: 11    Spells: 7/14 levels left

rFire    + . .     SeeInvis +   b - +3 battleaxe (vamp)
rCold    + + +     Gourm    .   (shield currently unavailable)
rNeg     . . .     Faith    .   B - +4 skin of Zhor {Hibernate rC+++ SInv}
rPois    +         Spirit   .   N - +0 helmet
rElec    .         Reflect  .   O - +0 cloak of the Rose {rPois rF+ Regen+}
rCorr    .         Harm     .   n - +0 pair of gloves
MR       +....     Clarity  +   e - +2 pair of boots
Stlth    ++++......             (no amulet)
HPRegen  0.73/turn              d - +3 ring of protection
MPRegen  0.15/turn              k - +1 ring of evasion

@: heroism, finesse
A: slimy green scales 1, clarity
a: Heroism, Finesse, Renounce Religion


You were on level 6 of the Lair of Beasts.
You worshipped Okawaru.
Okawaru was extremely pleased with you.
You were hungry.

You visited 2 branches of the dungeon, and saw 20 of its levels.
You also visited: Sewer and Ice Cave.

You collected 1766 gold pieces.
You spent 997 gold pieces at shops.

Inventory:

Hand Weapons
 a - a +4 scimitar of flaming
 b - a +3 vampiric battleaxe (weapon)
 E - a +1 broad axe of electrocution
 M - a +4 broad axe of freezing
Missiles
 t - 4 javelins (quivered)
Armour
 e - a +2 pair of boots (worn)
 n - a +0 pair of gloves (worn)
 B - the +4 skin of Zhor (worn) {Hibernate rC+++ SInv}
   (You bought it in a shop on level 12 of the Dungeon)

   It renders you almost immune to cold.
   It lets you see invisible.
   If you remove this armour, your AC will decrease by 8 (21 -> 13).
 N - a +0 helmet (worn)
 O - the +0 cloak of the Rose (worn) {rPois rF+ Regen+}
   (Okawaru gifted it to you on level 5 of the Lair of Beasts)

   It protects you from fire.
   It protects you from poison.
   It increases your rate of regeneration.
   If you remove this armour, your AC will decrease by 2 (21 -> 19).
Jewellery
 d - a +3 ring of protection (left hand)
 k - a +1 ring of evasion (right hand)
 l - an uncursed ring of protection from fire
 r - an uncursed ring of positive energy
 y - an uncursed ring of wizardry
Wands
 v - a wand of paralysis (14)
 C - a wand of clouds (5)
 F - a wand of scattershot (3)
 H - a wand of flame (31)
 K - a wand of acid (2)
Scrolls
 c - 2 scrolls of summoning
 h - 8 scrolls of identify
 i - 7 scrolls of remove curse
 j - a scroll of teleportation
 x - 2 scrolls of immolation
 D - 2 scrolls of fear
 J - a scroll of holy word
 L - 3 scrolls of magic mapping
Potions
 g - 4 potions of ambrosia
 m - 6 potions of magic
 o - 3 potions of heal wounds
 p - 3 potions of invisibility
 q - 3 potions of flight
 s - 3 potions of brilliance
 w - 2 potions of berserk rage
 A - 2 potions of might
 G - 6 potions of curing
Miscellaneous
 z - a lamp of fire
 I - a sack of spiders
Comestibles
 f - 29 rations


   Skills:
 * Level 15.3(20.3) Fighting
 + Level 2.9(7.9) Long Blades
 + Level 20.6(25.6) Axes
 * Level 4.2(9.2) Throwing
 * Level 10.3(15.3) Armour
 - Level 6.7(11.7) Dodging
 - Level 3.5(8.5) Stealth
   Level 10.2(15.2) Shields
 - Level 2.0 Invocations
 - Level 1.7 Evocations


You had 7 spell levels left.
You knew the following spells:

 Your Spells              Type           Power        Failure   Level  Hunger
a - Ring of Flames        Chrm/Fire      #.........   100%        7    #######

Your spell library contained the following spells:

 Spells                   Type           Power        Failure   Level  Hunger
 Apportation              Tloc           #.....       32%         1    ##.....
 Magic Dart               Conj           #...         32%         1    ##.....
 Shock                    Conj/Air       #...         32%         1    ##.....
 Summon Butterflies       Summ           #.......     32%         1    ##.....
 Poisonous Vapours        Pois/Air       #.....       45%         2    ###....
 Searing Ray              Conj           #.....       45%         2    ###....
 Swiftness                Chrm/Air       #.......     45%         2    ###....
 Call Canine Familiar     Summ           #.......     69%         3    ####...
 Conjure Flame            Conj/Fire      #.......     69%         3    ####...
 Dazzling Flash           Conj/Hex       #.....       69%         3    ####...
 Lesser Beckoning         Tloc           #.........   69%         3    ####...
 Mephitic Cloud           Conj/Pois/Air  #.......     69%         3    ####...
 Static Discharge         Conj/Air       #.......     69%         3    ####...
 Tukima's Dance           Hex            #.......     69%         3    ####...
 Airstrike                Air            #.........   97%         4    #####..
 Fulminant Prism          Conj/Hex       #.........   97%         4    #####..
 Iskenderun's Mystic Bla  Conj/Tloc      #.......     97%         4    #####..
 Summon Ice Beast         Ice/Summ       #.......     97%         4    #####..
 Alistair's Intoxication  Tmut/Pois      #.......     100%        5    ######.
 Bolt of Magma            Conj/Fire/Erth #.........   100%        5    ######.
 Iskenderun's Battlesphe  Conj/Chrm      #.......     100%        5    ######.
 Lightning Bolt           Conj/Air       #.........   100%        5    ######.
 Summon Mana Viper        Hex/Summ       #.......     100%        5    ######.
 Freezing Cloud           Conj/Ice/Air   #.........   100%        6    #######
 Invisibility             Hex            #.......     100%        6    #######
 Iron Shot                Conj/Erth      #.........   100%        6    #######
 Orb of Destruction       Conj           #.........   100%        7    #######
 Spellforged Servitor     Conj/Summ      #.........   100%        7    #######
 Summon Hydra             Summ           #.........   100%        7    #######


Dungeon Overview and Level Annotations

Branches:
Dungeon (15/15)              Lair (6/6) D:9          Shoals (0/4) Lair:4
 Spider (0/4) Lair:4        Slime (0/5) Lair:5          Orc (0/2) D:9
 Vaults (0/5) D:14         Depths (0/5) D:15          Sewer (visited)
  IceCv (visited)
 Temple: D:4-7

Altars:
Okawaru
Qazlal
Beogh
Jiyva

Shops:
D:12 *

Annotations:
D:8 1 runed translucent door, wvc's ghost, novice GnWn
D:14 1 runed translucent door, Guqoimal's ghost, journeyman GrFi


Innate Abilities, Weirdness & Mutations

You are partially covered in slimy green scales. (AC +2)
You possess an exceptional clarity of mind.


Message History

You stumble backwards!
You barely miss the dire elephant.
The dire elephant is moderately wounded.
Unknown command.
Okay, then.
Unknown command.
You slice the dire elephant!!
The dire elephant is heavily wounded.
The dire elephant tramples you but does no damage.
The dire elephant barely misses you.
You hit the dire elephant.
The dire elephant is heavily wounded.
The dire elephant tramples you.
* * * LOW HITPOINT WARNING * * *
You stumble backwards!
Okay, then.
Unknown command.
You can now deal lightning-fast blows.
The dire elephant tramples you!!!
You die...

.#...............................
######'''########♣.......♣#######
................###....♣## #
#####8.⌠.8#####...##♣♣♣#
#..###8.8###.≈###.####
....#######.≈≈≈≈#....####
....##(...#≈≈≈≈.####....#+#
†...#)!...'≈≈≈≈.#8P####.#.#
....#|[...'≈≈≈.Y@.....#...#
...###/...##≈≈.##8....#8.8# ####
##### #########''##'###
#..#....##♣8♣ #..........♣
###.......## #.##..### #######


You could see a dire elephant.

Vanquished Creatures
  Rupert (D:13)
  Kirke (D:12)
  An emperor scorpion (D:15)
  A dire elephant (Lair:6)
  A fire dragon (D:12)
  Snorg (D:11)
  Harold (Lair:2)
  A centaur warrior (D:14)
  10 hydras
  Fannar (Lair:2)
  3 catoblepae
  2 anacondas (Lair:6)
  2 alligators (Lair:6)
  6 two-headed ogres
  3 death yaks (Lair:5)
  Nergalle (Lair:4)
  3 unseen horrors
  An orc knight (D:14)
  Pikel (D:6)
  An ugly thing (D:13)
  A deep elf mage (D:15)
  4 cyclopes
  A salamander (D:15)
  3 manticores
  A merfolk siren (Lair:4)
  5 black mambas
  10 elephants (Lair:6)
  3 gargoyles
  13 spiny frogs
  2 efreet
  5 komodo dragons
  2 rime drakes
  A tengu conjurer (D:15)
  2 merfolk (Lair:4)
  7 trolls
  4 polar bears
  A jumping spider (Lair:4)
  6 hippogriffs
  6 slime creatures (D:12)
  6 dream sheep (Lair:5)
  2 shadows (D:13)
  2 vampires
  27 yaks
  16 humans (D:14)
  6 hogs (D:12)
  A steam dragon (D:14)
  2 basilisks
  2 hungry ghosts
  Menkaure (D:5)
  2 vampire mosquitoes
  An acid dragon (D:15)
  A soldier ant (D:13)
  Duvessa (D:4)
  7 porcupines
  12 water moccasins
  A black bear (D:8)
  15 ice beasts
  8 sky beasts
  18 orc warriors
  An eye of draining (D:12)
  4 slaves (D:6)
  A necrophage (D:9)
  9 ogres
  2 phantoms (D:5)
  4 wolves (Lair:6)
  10 centaurs
  8 crocodiles
  13 big kobolds
  16 bullfrogs
  A gnoll sergeant (D:8)
  7 scorpions
  Dowan (D:4)
  A water moccasin skeleton (D:9)
  11 killer bees
  3 electric eels
  A howler monkey (D:12)
  10 crimson imps
  4 hounds
  A quasit (D:4)
  A centaur zombie (D:5)
  5 bullfrog zombies
  4 centaur skeletons
  17 orc priests
  A gnoll shaman (D:5)
  6 jellies
  3 bullfrog skeletons
  Jessica (D:3)
  6 iguanas
  23 orc wizards
  11 worker ants
  10 adders
  11 gnolls
  5 shadow imps
  5 oozes
  2 adder skeletons
  5 worms
  2 dart slugs (D:2)
  14 leopard geckos
  88 orcs
  3 giant cockroaches
  7 goblins
  7 hobgoblins
  2 quokkas
  2 ball pythons
  4 bats
  14 frilled lizards
  23 kobolds
  2 leopard gecko skeletons
  11 rats
  4 fungi
  8 plants
665 creatures vanquished.

Vanquished Creatures (collateral kills)
  A dire elephant (D:15)
1 creature vanquished.

Vanquished Creatures (others)
  A human (D:12)
  2 bushes (Lair:6)
  2 fungi
  6 plants
11 creatures vanquished.

Grand Total: 677 creatures vanquished

Notes
Turn   | Place    | Note
-------+----------+-------------------------------------------
     0 | D:1      | Lugonue the Hill Orc Fighter began the quest for the Orb.
     0 | D:1      | Reached XP level 1. HP: 19/19 MP: 1/1
   250 | D:1      | Reached XP level 2. HP: 26/27 MP: 2/2
   565 | D:2      | Reached XP level 3. HP: 27/33 MP: 3/3
   627 | D:2      | Reached skill level 3 in Axes
   952 | D:2      | Reached XP level 4. HP: 41/41 MP: 4/4
  1633 | D:3      | Noticed Jessica
  2279 | D:3      | Killed Jessica
  2279 | D:3      | Reached skill level 4 in Axes
  2279 | D:3      | Reached XP level 5. HP: 47/47 MP: 5/5
  2312 | D:4      | Noticed Duvessa
  2320 | D:4      | Noticed Dowan
  2323 | D:4      | Gained mutation: You tend to lose your temper in combat.
                  | [potion of mutation]
  2323 | D:4      | Gained mutation: You are occasionally teleported next to
                  | monsters. [potion of mutation]
  2323 | D:4      | Gained mutation: You are resistant to hostile enchantments.
                  | (MR+) [potion of mutation]
  2333 | D:4      | Reached skill level 5 in Axes
  2337 | D:4      | Killed Duvessa
  2337 | D:4      | Reached skill level 6 in Axes
  2337 | D:4      | Reached skill level 1 in Dodging
  2337 | D:4      | Reached XP level 6. HP: 48/53 MP: 6/6
  2344 | D:4      | Killed Dowan
  2366 | D:4      | Found a glowing drain.
  2402 | Sewer    | Entered a sewer
  2683 | Sewer    | Reached XP level 7. HP: 51/60 MP: 7/7
  2752 | Sewer    | Reached skill level 5 in Fighting
  2798 | Sewer    | Reached skill level 7 in Axes
  2874 | Sewer    | Reached skill level 5 in Shields
  2949 | Sewer    | Reached XP level 8. HP: 61/69 MP: 8/8
  2988 | Sewer    | Reached skill level 8 in Axes
  3118 | Sewer    | Reached skill level 5 in Armour
  3917 | D:4      | Reached skill level 9 in Axes
  4209 | D:5      | Entered Level 5 of the Dungeon
  4340 | D:5      | Noticed Menkaure
  4345 | D:5      | Reached XP level 9. HP: 49/78 MP: 9/9
  4348 | D:5      | Killed Menkaure
  4348 | D:5      | Reached skill level 10 in Axes
  4393 | D:5      | Lost mutation: You are resistant to hostile enchantments.
                  | (MR+) [potion of mutation]
  4393 | D:5      | Lost mutation: You are occasionally teleported next to
                  | monsters. [potion of mutation]
  4393 | D:5      | Lost mutation: You tend to lose your temper in combat.
                  | [potion of mutation]
  4393 | D:5      | Gained mutation: You are partially covered in slimy green
                  | scales. (AC +2) [potion of mutation]
  4393 | D:5      | Gained mutation: You possess an exceptional clarity of
                  | mind. [potion of mutation]
  5129 | D:6      | Found a stormy altar of Qazlal.
  5166 | D:6      | Noticed Pikel
  5371 | D:6      | Killed Pikel
  5493 | D:6      | You fall into a shaft and drop 2 floors!
  5515 | D:8      | Found a runed translucent door.
  5516 | D:8      | Noticed wvc's ghost (novice GnWn)
  5524 | D:8      | Reached skill level 11 in Axes
  5581 | D:8      | Reached XP level 10. HP: 77/86 MP: 10/10
  6368 | D:8      | Reached skill level 12 in Axes
  6482 | D:8      | Found a runed translucent door.
  6482 | D:8      | Found a runed translucent door.
  7220 | D:9      | Noticed a two-headed ogre
  7239 | D:9      | Killed a two-headed ogre
  7246 | D:9      | Reached skill level 13 in Axes
  7246 | D:9      | Reached XP level 11. HP: 95/95 MP: 11/11
  7285 | D:9      | Found a staircase to the Lair.
  7319 | D:9      | Reached skill level 1 in Stealth
  7329 | Lair:1   | Entered Level 1 of the Lair of Beasts
  7442 | Lair:1   | Noticed a catoblepas
  7456 | Lair:1   | Killed a catoblepas
  7490 | Lair:1   | Noticed a four-headed hydra
  7496 | Lair:1   | Killed a four-headed hydra
  8037 | Lair:2   | Found a frozen archway.
  8078 | IceCv    | Entered an ice cave
  8082 | IceCv    | Reached skill level 14 in Axes
  8325 | Lair:2   | Noticed Fannar
  8339 | Lair:2   | Killed Fannar
  8416 | Lair:2   | Noticed Harold
  8511 | Lair:2   | Killed Harold
  8511 | Lair:2   | Reached skill level 1 in Evocations
  8512 | Lair:2   | Reached skill level 10 in Shields
  8544 | Lair:2   | Reached skill level 10 in Fighting
  8544 | Lair:2   | Reached XP level 12. HP: 28/106 MP: 12/12
  8651 | Lair:2   | Found an iron altar of Okawaru.
  8685 | Lair:2   | You fall into a shaft and drop 1 floor!
  8788 | Lair:3   | Noticed a four-headed hydra
  8819 | Lair:3   | Reached skill level 15 in Axes
  9460 | Lair:2   | Became a worshipper of Warmaster Okawaru
  9849 | Lair:3   | Got a sapphire dagger
  9850 | Lair:3   | Identified the +3 dagger of Wyrd {freeze, -Tele rPois Str+5
                  | Int+2} (You found it on level 3 of the Lair of Beasts)
 10000 | Lair:4   | Reached * piety under Okawaru
 10041 | Lair:4   | Noticed a seven-headed hydra
 10264 | D:9      | Found a roughly hewn altar of Beogh.
 10286 | D:9      | Found a staircase to the Orcish Mines.
 10751 | D:9      | Noticed a two-headed ogre
 10759 | D:9      | Killed a two-headed ogre
 11006 | D:10     | Entered Level 10 of the Dungeon
 11015 | D:10     | Reached ** piety under Okawaru
 11067 | D:10     | Reached skill level 16 in Axes
 11751 | D:10     | Noticed a two-headed ogre
 12070 | D:10     | Killed a two-headed ogre
 12094 | D:10     | Got a warped flail
 12095 | D:10     | Identified the cursed +2 flail "Akuogy" {antimagic, Str+4}
                  | (You found it on level 10 of the Dungeon)
 12129 | D:11     | Reached *** piety under Okawaru
 12206 | D:11     | Noticed a seven-headed hydra
 12221 | D:11     | Killed a nine-headed hydra
 12221 | D:11     | Reached skill level 5 in Dodging
 12233 | D:11     | Reached skill level 17 in Axes
 12410 | D:11     | Reached XP level 13. HP: 45/116 MP: 13/13
 12791 | D:11     | Noticed Snorg
 12805 | D:11     | Killed Snorg
 12805 | D:11     | Reached **** piety under Okawaru
 13181 | D:12     | Reached ***** piety under Okawaru
 13264 | D:12     | Found Eshuuxets's General Store.
 13278 | D:12     | Noticed Kirke
 13509 | D:12     | Reached skill level 18 in Axes
 13832 | D:12     | Killed Kirke
 13928 | D:12     | Noticed a fire dragon
 14231 | D:12     | Bought the +4 skin of Zhor {Hibernate rC+++ SInv} for 997
                  | gold pieces
 14231 | D:12     | Found the +4 skin of Zhor {Hibernate rC+++ SInv}
 14367 | D:12     | Reached skill level 1 in Throwing
 14376 | D:12     | Killed a fire dragon
 14376 | D:12     | Received a gift from Okawaru
 14639 | D:13     | Noticed Rupert
 14644 | D:13     | Paralysed by Rupert for 4 turns
 14680 | D:13     | Killed Rupert
 14805 | D:13     | Reached skill level 19 in Axes
 15085 | D:13     | Reached XP level 14. HP: 127/127 MP: 15/15
 15508 | D:14     | Found a runed translucent door.
 15509 | D:14     | Noticed Guqoimal's ghost (journeyman GrFi)
 15633 | D:14     | Reached skill level 1 in Invocations
 15714 | D:14     | Found a gate to the Vaults.
 15731 | D:14     | Received a gift from Okawaru
 15808 | D:14     | Paralysed by a crimson imp for 3 turns
 16241 | D:15     | Entered Level 15 of the Dungeon
 16994 | D:15     | Noticed an emperor scorpion
 16995 | D:15     | Found a staircase to the Depths.
 16995 | D:15     | Noticed a dire elephant
 17441 | D:15     | Killed an emperor scorpion
 17441 | D:15     | Received a gift from Okawaru
 17441 | D:15     | Reached skill level 20 in Axes
 17495 | D:15     | Killed a dire elephant
 18110 | Lair:4   | Noticed Nergalle
 18134 | Lair:4   | Killed Nergalle
 18143 | Lair:4   | Reached skill level 1 in Long Blades
 18179 | Lair:4   | Found a hole to the Spider Nest.
 18298 | Lair:4   | Found a staircase to the Shoals.
 19240 | Lair:5   | Received a gift from Okawaru
 19243 | Lair:5   | Got a jewelled cloak {god gift}
 19254 | Lair:5   | Identified the +0 cloak of the Rose {rPois rF+ Regen+}
                  | (Okawaru gifted it to you on level 5 of the Lair of Beasts)
 19299 | Lair:5   | Learned a level 7 spell: Ring of Flames
 19300 | Lair:5   | Found a runed translucent door.
 19302 | Lair:5   | Found a viscous altar of Jiyva.
 19305 | Lair:5   | Found a staircase to the Slime Pits.
 19782 | Lair:6   | Entered Level 6 of the Lair of Beasts
 19813 | Lair:6   | Reached XP level 15. HP: 105/138 MP: 16/16
 19914 | Lair:6   | Reached skill level 10 in Armour
 20255 | Lair:6   | Reached skill level 15 in Fighting
 20910 | Lair:6   | Slain by a dire elephant

Levels and vault maps discovered:
D:1:      dpeg_arrival_simpleton_c, layout_basic
D:2:      layout_loops_ring, roderic_lattice_a, minmay_box_of_dots
D:3:      layout_loops_corners, uniq_jessica
D:4:      layout_loops_cross, portal_sewer_entry_f, uniq_duvessa
D:5:      layout_cave_pools, first_ration, uniq_menkaure
D:6:      layout_gridville, nicolae_qazlal_general_emergency, uniq_pikel,
          uniq_blork_the_orc
D:8:      minmay_the_grid_triangle_9x9_rhombus_full
          [minmay_the_grid_triangle_9x9_warning,
          minmay_the_grid_triangle_9x9_tough_junction,
          minmay_the_grid_triangle_9x9_zippers_horizontal,
          minmay_the_grid_triangle_9x9_semitri,
          minmay_the_grid_triangle_9x9_alien,
          minmay_the_grid_triangle_9x9_odd_lines,
          minmay_the_grid_triangle_9x9_stretched_checkered,
          minmay_the_grid_triangle_9x9_prize_schism], layout_basic,
          ebering_ghost_reflecting_pool
D:9:      layout_stronghold, lair_entry_dummy, david_orc_5
D:10:     layout_long_grid, kennysheep_island_fort
D:11:     layout_loops_cross, uniq_snorg
D:12:     layout_loops_cross, serial_shops, nicolae_shop_crystal, special_room
          [special_room_orc], grunt_ministairs_7, uniq_kirke
D:13:     layout_stronghold, serial_glass, glass_columns_a, glass_columns_a,
          glass_columns_a, glass_columns_b, glass_columns_a, glass_columns_b,
          glass_columns_b, glass_columns_a, uniq_rupert
D:14:     layout_long_grid, david_vaults_3, hellmonk_ghost_happy_afterlife,
          minmay_hedge_maze, chequers_mini_garden
D:15:     hangedman_depths_entry_try_elsewhere_first, layout_stronghold,
          chequers_avenue, minmay_unpleasant_kobolds
Lair:1:   layout_long_grid
Lair:2:   layout_long_grid, portal_ice_cave_entry_pillars_1, basic_altar,
          cheibrodos_lair_lostbears, infiniplex_staircase_pool,
          lemuel_fruit_fields, uniq_harold, uniq_fannar
Lair:3:   layout_gridlike, gauntlet_entry_generic, minivault_27
Lair:4:   layout_regular_city, elwin_shoals_entry_rooms,
          spider_nest_entry_rubble, uniq_nergalle
Lair:5:   layout_long_grid, slime_altar_2
Lair:6:   due_jungle_book, layout_misc_corridors, minmay_shattered_shrine

Skill      XL: |  1  2  3  4  5  6  7  8  9 10 11 12 13 14 15 |
---------------+----------------------------------------------+-----
Fighting       | 4 5 6 7 8 10 11 12 14 15 | 15.3
Axes           | 3 4 6 7 9 11 13 14 17 19 20 | 20.6
Shields        | 4 5 6 7 8 10 | 10.2
Armour         | 4 5 6 7 8 9 10 | 10.3
Dodging        | 1 2 3 4 5 6 |  6.7
Stealth        | 1 2 3 |  3.5
Evocations     | 1 |  1.7
Throwing       | 1 3 4 |  4.2
Invocations    | 2 |  2.0
Long Blades    | 1 2 |  2.9

Action                   |  1- 3 |  4- 6 |  7- 9 | 10-12 | 13-15 || total
-------------------------+-------+-------+-------+-------+-------++-------
Melee: War axe           |   114 |   220 |   528 |   264 |       ||  1126
       Hand axe          |       |       |       |    45 |       ||    45
       Broad axe         |       |       |       |    42 |       ||    42
       Battleaxe         |       |       |       |   354 |  1001 ||  1355
       Unarmed           |       |       |       |       |     2 ||     2
       Scimitar          |       |       |       |       |    40 ||    40
Throw: Throwing net      |       |       |       |     2 |     6 ||     8
       Javelin           |       |       |       |       |    41 ||    41
Invok: Heroism           |       |       |       |     2 |     7 ||     9
       Finesse           |       |       |       |       |     5 ||     5
Evoke: Wand              |       |       |       |    10 |     9 ||    19
       Lamp of fire      |       |       |       |       |     1 ||     1
  Use: Scroll            |     1 |     3 |     6 |    27 |     6 ||    43
       Potion            |       |     4 |     5 |    12 |     3 ||    24
 Stab: Held in net/web   |       |       |       |     2 |     1 ||     3
       Sleeping          |       |       |       |       |     4 ||     4
  Eat: Chunk             |       |     6 |    11 |    10 |    11 ||    38
       Ration            |       |       |       |     4 |     5 ||     9
Armor: Scale mail        |    69 |    90 |   201 |   218 |       ||   578
       Troll leather arm |       |       |       |    59 |    79 ||   138
       Animal skin       |       |       |       |       |   290 ||   290
Dodge: Dodged            |    37 |    71 |   181 |   388 |   648 ||  1325
Block: Kite shield       |    60 |   105 |   262 |   180 |       ||   607
       Rpst.: Scimitar   |       |       |       |       |     7 ||     7

Table legend:
 A = Non-vault XP
 B = Vault XP
 C = Vault XP percentage of total XP
 D = Non-vault monster count
 E = Vault monster count
 F = Vault count percentage of total count
                 A         B        C        D         E       F
            +---------+---------+-------+---------+---------+-------
      Total |   69151 |   39264 |  36.2 |     451 |     199 |  30.6
            +---------+---------+-------+---------+---------+-------
        D:1 |      16 |       0 |   0.0 |      11 |       0 |   0.0
        D:2 |      91 |       8 |   8.1 |      30 |       6 |  16.7
        D:3 |      34 |      37 |  52.1 |      14 |       1 |   6.7
        D:4 |     707 |     244 |  25.7 |      43 |       7 |  14.0
        D:5 |     987 |     175 |  15.1 |      27 |       1 |   3.6
        D:6 |     127 |     593 |  82.4 |       4 |       1 |  20.0
        D:8 |    1825 |    2350 |  56.3 |      41 |      23 |  35.9
        D:9 |    2987 |     570 |  16.0 |      23 |      23 |  50.0
       D:10 |    4678 |      46 |   1.0 |      28 |       2 |   6.7
       D:11 |    5412 |    1145 |  17.5 |      34 |       1 |   2.9
       D:12 |    7790 |    4612 |  37.2 |      39 |      32 |  45.1
       D:13 |    4796 |    2936 |  38.0 |      28 |       1 |   3.4
       D:14 |    2282 |    5682 |  71.3 |      10 |      20 |  66.7
       D:15 |    5563 |    4202 |  43.0 |      20 |      10 |  33.3
     Lair:1 |    4290 |       0 |   0.0 |      15 |       0 |   0.0
     Lair:2 |     992 |    2513 |  71.7 |       7 |       4 |  36.4
     Lair:3 |    3017 |       0 |   0.0 |      14 |       0 |   0.0
     Lair:4 |    4374 |    2162 |  33.1 |      14 |       5 |  26.3
     Lair:5 |    5584 |      97 |   1.7 |      15 |       4 |  21.1
     Lair:6 |   13599 |    9134 |  40.2 |      34 |      18 |  34.6
      Sewer |       0 |     974 | 100.0 |       0 |      28 | 100.0
      IceCv |       0 |    1784 | 100.0 |       0 |      12 | 100.0
            +---------+---------+-------+---------+---------+-------
